Map: Ruines d’Endion

Players

zidar - Winner!

  • Race: Zerg Zerg
  • League: Gold
  • Spawn Location: 5:00

KrisKodi

  • Race: Terran Terran
  • League: Silver
  • Spawn Location: 7:00

VOD

Have the link to the VOD?

Description

Time

  • Played on: May 31, 2016, 2:54 p.m.
  • Length: 14:46
Show
View Real Time Build Order
Export as new Build Order

zidar Zerg - Winner!

Build Orders: Hatch First 

Get SALT Encoding   

  12  0:01  Drone  
  13  0:12  Overlord  
  13  0:18  Drone  
  14  0:31  Drone x2  
  14  0:34  Drone  
  17  0:55  Hatchery  
  16  0:57  Drone  
  17  1:19  Spawning Pool  
  17  1:20  Drone x2  
  18  1:26  Extractor  
  17  1:38  Drone  
  17  1:39  Drone  
  18  1:47  Drone  
  19  1:54  Drone  
  20  2:03  Overlord  
  20  2:06  Queen  
  20  2:07  Queen  
  24  2:20  Drone x3  
  27  2:34  Overlord  
  27  2:36  Overlord  
  27  2:39  Metabolic Boost  
  27  3:00  Extractor  
  27  3:02  Pneumatized Carapace  
  26  3:15  Zergling x12  
  32  3:22  Baneling Nest  
  32  3:30  Baneling Nest  
  31  3:37  Drone x6  
  37  4:02  Lair  
  37  4:09  Extractor  
  36  4:11  Extractor  
  35  4:27  Spore Crawler  
  35  4:31  Spore Crawler  
  33  4:42  Baneling x4  
  33  4:44  Baneling  
  33  4:46  Zergling x6  
  36  5:12  Overlord x7  
  27  6:08  Roach Warren  
  26  6:12  Overseer  
  24  6:23  Queen  
  22  6:44  Spore Crawler  
  22  6:45  Spore Crawler  
  18  7:16  Roach x2  
  18  7:17  Roach x13  
  48  7:54  Roach x4  
  56  8:00  Ravager x3  
  53  8:31  Drone x7  
  60  8:45  Queen  
  65  8:55  Drone x3  
  65  9:10  Roach x3  
  36  10:15  Roach x9  
  54  10:26  Spire  
  53  10:33  Roach  
  53  10:34  Roach  
  57  10:37  Ravager  
  57  10:38  Ravager x2  
  60  10:43  Roach x4  
  60  10:44  Roach  
  70  11:01  Overseer  
  68  11:36  Roach Warren  
  68  11:39  Mutalisk x4  
  72  12:29  Drone x4  
  76  12:32  Overlord x3  
  76  12:50  Roach x4  
  76  12:51  Roach x8  
  100  12:57  Overlord x3  
  100  13:02  Overseer  
  100  13:14  Mutalisk x2  
  100  13:19  Ravager x3  
  103  13:37  Ravager x4  
  103  13:38  Ravager  
  79  13:56  Mutalisk  
Show
View Real Time Build Order
Export as new Build Order

KrisKodi Terran 

Build Orders:  

Get SALT Encoding   

  12  0:05  SCV  
  13  0:17  SCV  
  14  0:22  Supply Depot  
  14  0:29  SCV  
  15  0:44  SCV  
  15  0:46  Barracks  
  16  1:02  Refinery  
  16  1:19  Barracks  
  16  1:26  SCV  
  17  1:43  Supply Depot  
  17  1:44  Orbital Command  
  17  1:46  Marine  
  18  1:58  Refinery  
  18  2:03  Marine  
  19  2:13  Factory, SCV  
  20  2:19  Marine  
  20  2:21  Marine  
  22  2:26  SCV  
  23  2:37  Barracks Tech Lab  
  23  2:40  Barracks Reactor  
  23  2:45  SCV  
  24  2:54  Supply Depot  
  24  2:57  Factory Tech Lab, SCV  
  25  3:05  Starport  
  25  3:30  Starport  
  25  3:32  Factory Tech Lab  
  25  3:39  Marine x2  
  25  3:40  Marine  
  28  3:47  SCV  
  29  3:50  Bunker  
  29  4:05  Factory Tech Lab  
  29  4:14  Banshee x2  
  35  4:24  Cloaking Field  
  35  4:26  Marine x3  
  38  4:39  Supply Depot  
  38  4:41  Engineering Bay  
  38  4:43  Supply Depot  
  38  5:01  Siege Tank  
  41  5:08  Banshee  
  41  5:11  Marine x3  
  44  5:55  Bunker  
  44  6:13  Marine  
  44  6:14  Marauder  
  47  6:20  Supply Depot x2  
  47  6:24  Barracks  
  47  6:30  Barracks  
  47  6:41  Marine  
  47  6:42  Marauder, Siege Tank, Medivac  
  52  7:05  Medivac  
  54  7:09  Stimpack  
  51  7:39  Command Center  
  51  7:40  Marine x2, Marauder  
  51  7:43  Bunker  
  55  7:47  Refinery x2  
  55  8:02  Marauder  
  28  8:28  Marine  
  28  8:29  Marine, Marauder  
  28  8:32  Siege Tank  
  35  8:46  Marine x2  
  37  8:50  Marauder  
  37  8:52  SCV  
  40  9:00  Banshee x2  
  46  9:10  Supply Depot  
  46  9:12  Marauder  
  46  9:15  Marine x2  
  50  9:29  Orbital Command  
  50  9:35  Supply Depot  
  30  10:10  Marine x2, Marauder  
  34  10:27  Marine  
  34  10:28  Marine  
  36  10:32  Marauder  
  38  10:45  Marine  
  38  10:46  Marine  
  40  10:53  Marauder  
  42  11:03  Marine x2  
  44  11:15  Marauder  
  46  11:21  Marine x2  
  45  11:35  Siege Tank  
  45  11:36  Marauder  
  45  11:38  SCV  
  45  11:39  Marine x2, SCV  
  54  11:57  Marauder  
  53  12:13  Combat Shield  
  53  12:19  Marauder, Medivac x2  
  59  12:23  Marine x2  
  61  12:39  Marine  
  61  12:42  Marine  
  61  12:43  Marine  
  64  12:47  Barracks Tech Lab, Barracks Reactor  
  64  12:49  Medivac x2  
  68  12:57  Marine  
  69  13:00  Marine  
  69  13:01  Siege Tank  
  73  13:06  SCV  
  74  13:15  Missile Turret  
  74  13:16  Marauder  
  76  13:31  Marine x3  
  76  13:32  Marine  
  38  14:18  Marine x2  
  38  14:19  Marine x2, Marauder x2  
Tags
 
Add a new tag
Caveats
  • Supply blocks, unpowered buildings, or Contaminate may cause inaccurate times.
  • Supply counts are checked every 10 seconds.